 Dungeon Crawl Stone Soup version 0.30.0-18-gc0e69614cb (webtiles) character file.

Game seed: 3236818378040384133

1334 Rello the Cleaver (level 8, -2/71 HPs)
             Began as a Hill Orc Fighter on May 23, 2023.
             Was a Follower of Beogh.
             Slain by a +0 spectral quarterstaff (12 damage)
             ... created by Joseph
             ... on level 7 of the Dungeon.
             The game lasted 00:23:44 (5480 turns).

Rello the Cleaver (Hill Orc Fighter)                Turns: 5480, Time: 00:23:44

Health: -2/71      AC: 11    Str: 21    XL:     8   Next: 61%
Magic:  8/8        EV:  8    Int:  8    God:    Beogh [*.....]
Gold:   272        SH:  5    Dex: 10    Spells: 7/7 levels left

rFire   . . .        a - +0 war axe
rCold   . . .        z - +1 buckler {rN+}
rNeg    + . .        f - +0 chain mail
rPois   .            o - +0 helmet
rElec   .            (no cloak)
rCorr   .            (no gloves)
SInv    .            (no boots)
Will    +....        G - amulet of faith Stlth
                     q - ring of willpower
HPRegen 0.31/turn    s - +4 ring of slaying
MPRegen 0.11/turn

%: faith
@: no status effects
A: no striking features
a: Renounce Religion


You were on level 7 of the Dungeon.
You worshipped Beogh.
Beogh was aware of your devotion.
You visited 1 branch of the dungeon, and saw 7 of its levels.

You collected 366 gold pieces.
You spent 94 gold pieces at shops.

Inventory:

Hand Weapons
 a - a +0 war axe (weapon)
 b - a +0 hand axe
Missiles
 y - a throwing net
 B - 11 poisoned darts (quivered)
Armour
 f - a +0 chain mail (worn)
 o - a +0 helmet (worn)
 z - a +1 buckler of positive energy (worn)
Jewellery
 q - a ring of willpower (left hand)
 s - a +4 ring of slaying (right hand)
 E - a ring of resist corrosion
 G - an amulet of faith (around neck)
 H - a ring of ice
Wands
 C - a wand of flame (22)
Scrolls
 c - a scroll of teleportation {unknown}
 e - 3 scrolls of noise
 i - 2 scrolls of amnesia
 j - 6 scrolls of identify
 l - a scroll of silence
 n - 3 scrolls of immolation
 t - 2 scrolls of fear {unknown}
 u - a scroll of brand weapon {unknown}
 w - a scroll of fog {unknown}
 x - 4 scrolls of poison {unknown}
 D - a scroll of enchant weapon {unknown}
Potions
 d - 2 potions of might
 g - 2 potions of lignification {unknown}
 h - a potion of haste {unknown}
 k - 2 potions of cancellation {unknown}
 m - 2 potions of magic {unknown}
 p - 6 potions of curing
 r - 3 potions of flight {unknown}
 v - 2 potions of brilliance {unknown}
 A - a potion of heal wounds {unknown}
 F - a potion of mutation {unknown}


   Skills:
 + Level 6.4 Fighting
 + Level 8.9 Axes
 + Level 2.6 Throwing
 + Level 5.9 Armour
 + Level 1.2 Dodging
 + Level 4.2 Shields
 + Level 0.9 Evocations


You had 7 spell levels left.
You didn't know any spells.
Your spell library contained the following spells:

 Spells                   Type           Power      Damage    Failure   Level
 Slow                     Hex            0%         N/A       97%         1
 Confusing Touch          Hex            0%         N/A       100%        3
 Portal Projectile        Hex/Tloc       0%         N/A       100%        3
 Tukima's Dance           Hex            0%         N/A       100%        3
 Vampiric Draining        Necr           0%         2d6       100%        3
 Blade Hands              Tmut           0%         N/A       100%        5


Dungeon Overview and Level Annotations

Branches:
Dungeon (7/15)
 Temple: D:4-7

Altars:
Ashenzari
Elyvilon
Fedhas
Gozag
Makhleb
Okawaru
Ru
Uskayaw
Xom

Shops:
D:2 !:?!

Annotations:
D:7 Joseph


Message History

Joseph is severely wounded.
You hit the +0 spectral quarterstaff.
Joseph shares his spectral weapon's damage!
Joseph hits you with a +0 spectral quarterstaff!
The +0 spectral quarterstaff hits you.
You slash Joseph!
Joseph is almost dead.
You closely miss the +0 spectral quarterstaff.
You block Joseph's attack. The +0 spectral quarterstaff hits you.
You hit Joseph.
Joseph is almost dead.
You block Joseph's attack. The +0 spectral quarterstaff hits you.
You closely miss Joseph.
Joseph is almost dead.
You hit the +0 spectral quarterstaff.
Joseph hits you with a +0 spectral quarterstaff.
* * * LOW HITPOINT WARNING * * *
The +0 spectral quarterstaff barely misses you.
You hit Joseph.
Joseph is almost dead.
You hit the +0 spectral quarterstaff.
Joseph shares his spectral weapon's damage!
Joseph hits you with a +0 spectral quarterstaff.
* * * LOW HITPOINT WARNING * * *
The +0 spectral quarterstaff hits you.
* * * LOW HITPOINT WARNING * * *
You block Joseph's attack.
The +0 spectral quarterstaff hits you but does no damage.
Aiming: Throw Flame
Press: ? - help, Shift-Dir - straight line, f - Joseph
Aim: Joseph, wielding a +0 spectral quarterstaff and wearing a +0 ring mail (almost dead, 72% to hit)
The puff of flame hits Joseph.
Joseph is almost dead.
Joseph closely misses you.
The +0 spectral quarterstaff barely misses you.
You feel better.
Joseph hits you with a +0 spectral quarterstaff!
* * * LOW HITPOINT WARNING * * *
The +0 spectral quarterstaff hits you!
You die...

#. # #.####
.. (.... #.
#...#
#..##...###
........
#(..# #(@<#
#@..# #...#
#...# ....#
#.....
..##.# ...
..#


You could see Joseph and a +0 spectral quarterstaff (wandering).

Vanquished Creatures
  A water moccasin (D:6)
  A black bear (D:6)
  An ice beast (D:5)
  2 ogres (D:5)
  2 centaurs
  A phantom (D:4)
  A kobold brigand (D:6)
  2 hounds (D:6)
  3 jellies
  An orc priest (D:5)
  Jessica (D:2)
  2 iguanas (D:5)
  An orc wizard (D:5)
  4 gnolls
  12 adders
  3 river rats (D:6)
  A white imp (D:5)
  An ufetubus (D:5)
  A worm (D:2)
  3 dart slugs
  14 orcs
  7 endoplasms
  4 giant cockroaches
  11 goblins
  8 hobgoblins
  3 quokkas
  4 ball pythons
  9 bats
  2 frilled lizards
  7 kobolds
  9 rats
122 creatures vanquished.

Notes
Turn   | Place    | Note
-------+----------+-------------------------------------------
     0 | D:1      | Rello the Hill Orc Fighter began the quest for the Orb.
     0 | D:1      | Reached XP level 1. HP: 19/19 MP: 1/1
     3 | D:1      | Noticed a merfolk zombie
    10 | D:1      | Noticed a minotaur zombie
    78 | D:1      | Reached XP level 2. HP: 27/27 MP: 2/2
   348 | D:1      | Reached skill level 3 in Axes
   348 | D:1      | Reached XP level 3. HP: 26/33 MP: 3/3
   613 | D:1      | Found a faded altar of an unknown god.
   643 | D:1      | You fall into a shaft and drop 1 floor!
   830 | D:2      | Found Olit's Magic Scroll Shoppe.
   840 | D:2      | Bought a scroll of identify for 26 gold pieces
   840 | D:2      | Bought a scroll of identify for 26 gold pieces
  1105 | D:2      | Found Bimipum's Book Boutique.
  1160 | D:2      | Found Leomede's Distillery.
  1181 | D:2      | Bought a potion of curing for 42 gold pieces
  1253 | D:2      | Reached XP level 4. HP: 39/40 MP: 4/4
  1475 | D:2      | Noticed Jessica
  1477 | D:2      | Found Liec's Distillery.
  1481 | D:2      | Killed Jessica
  1482 | D:2      | Reached skill level 5 in Fighting
  1482 | D:2      | Reached XP level 5. HP: 44/48 MP: 5/5
  2181 | D:3      | Reached skill level 4 in Axes
  2708 | D:3      | Became a worshipper of Beogh the Brigand
  3202 | D:4      | Noticed a phantom
  3220 | D:4      | Killed a phantom
  3221 | D:4      | Reached skill level 5 in Axes
  3221 | D:4      | Reached skill level 1 in Throwing
  3221 | D:4      | Reached XP level 6. HP: 48/56 MP: 6/6
  3608 | D:5      | Entered Level 5 of the Dungeon
  3627 | D:5      | Noticed an ice beast
  3638 | D:5      | Killed an ice beast
  3683 | D:5      | Reached skill level 6 in Axes
  3683 | D:5      | Reached XP level 7. HP: 53/61 MP: 7/7
  3971 | D:5      | Found a broken altar of Ashenzari.
  3976 | D:5      | Reached skill level 5 in Armour
  4237 | D:5      | Reached * piety under Beogh
  4238 | D:5      | Reached skill level 7 in Axes
  4264 | D:5      | Reached XP level 8. HP: 57/70 MP: 8/8
  4490 | D:6      | Reached skill level 1 in Dodging
  4631 | D:6      | Reached skill level 8 in Axes
  5142 | D:6      | Found a hide-covered altar of Uskayaw.
  5142 | D:6      | Found an opulent altar of Gozag.
  5143 | D:6      | Found a burning altar of Makhleb.
  5143 | D:6      | Found a white marble altar of Elyvilon.
  5143 | D:6      | Found a blossoming altar of Fedhas.
  5143 | D:6      | Found an iron altar of Okawaru.
  5143 | D:6      | Found a shimmering altar of Xom.
  5144 | D:6      | Found a sacrificial altar of Ru.
  5467 | D:7      | Noticed Joseph
  5480 | D:7      | Slain by a +0 spectral quarterstaff

Illustrated notes

Levels and vault maps discovered:
D:1:      shiori_arrival_whats_in_store_for_you, layout_basic,
          hellmonk_ecumenical_altar_lost_god
D:2:      layout_basic, serial_shops, nicolae_shop_industrial_runoff,
          nicolae_shop_industrial_runoff, shop, nicolae_shop_statue_plus,
          uniq_jessica
D:3:      layout_loops_ring
D:4:      layout_basic
D:5:      layout_basic, lemuel_round_altar
D:6:      layout_basic, grunt_temple_overflow_open, portal_sewer_entry_e
D:7:      corexii_shantytown, layout_loops_ring, kiku_gazebo_pond_becter,
          mainiacjoe_overflow_alcove_1, temple_statues,
          hangedman_abyss_or_decor_jellyfish_corner, uniq_crazy_yiuf_cottage,
          uniq_joseph, uniq_duvessa

Skill      XL: |  1  2  3  4  5  6  7  8 |
---------------+-------------------------+-----
Fighting       | 4 5 6 |  6.4
Axes           | 3 5 6 7 8 |  8.9
Armour         | 4 5 |  5.9
Throwing       | 1 2 |  2.6
Shields        | 4 |  4.2
Dodging        | 1 |  1.2
Evocations     | |  0.9

Action                     |  1- 3 |  4- 6 |  7- 9 || total
---------------------------+-------+-------+-------++-------
  Melee: War axe           |   118 |   135 |   101 ||   354
  Throw: Throwing net      |     2 |       |       ||     2
         Boomerang         |       |    53 |       ||    53
         Dart              |       |       |     4 ||     4
 Invoke: Convert to Beogh  |       |     1 |       ||     1
  Evoke: Wand              |       |       |     7 ||     7
    Use: Scroll            |     4 |       |     1 ||     5
         Potion            |       |       |     1 ||     1
 Armour: Scale mail        |    17 |       |       ||    17
         Chain mail        |    67 |    79 |    63 ||   209
  Dodge: Dodged            |    43 |    48 |    33 ||   124
  Block: Buckler           |    38 |    34 |    27 ||    99
